 Dungeon Crawl Stone Soup version 0.14-a0-1585-g835621a (webtiles) character file.

25221 4tharraofdagon the Arsonist (level 13, -1/94 HPs)
             Began as a Naga Fire Elementalist on Dec 22, 2013.
             Was a High Priest of Vehumet.
             Slain by a four-headed hydra (13 damage)
             ... on Level 4 of the Lair of Beasts on Dec 23, 2013.
             The game lasted 01:13:16 (6726 turns).

4tharraofdagon the Arsonist (NaFE)                  Turns: 6726, Time: 01:13:16

HP  -1/94        AC  8     Str 10      XL: 13   Next: 17%
MP   5/38        EV  9     Int 22      God: Vehumet [*****.]
Gold 81          SH 10     Dex 11      Spells:  6 memorised,  9 levels left

rFire  . . .     SeeInvis +     D - +1,+3 orc flail
rCold  . . .     Clarity  .     E - +0 troll hide
rNeg   + . .     Conserve .     r - +1 buckler
rPois  +         rCorr    .     (no helmet)
rElec  .         rRot     .     O - +0 cloak
SustAb . .       Spirit   .     L - +1 pair of gloves
rMut   .         Warding  +     (no barding)
Saprov . . .     Stasis   .     n - amulet of warding
                                y - ring of flight
                                p - ring of magical power

@: non-regenerating, invisible, badly diseased, very slightly contaminated, very
slow, quite resistant to hostile enchantments, fairly stealthy
A: spit poison, constrict 1, see invisible, deformed body, poison resistance,
slowness 2, AC +4
a: Spit Poison, Renounce Religion, Evoke Flight


You were on level 4 of the Lair of Beasts.
You worshipped Vehumet.
Vehumet was extremely pleased with you.
You were very hungry.

You visited 4 branches of the dungeon, and saw 21 of its levels.

You collected 524 gold pieces.
You spent 443 gold pieces at shops.

Inventory:

Hand weapons
 w - a +0 blowgun
 D - a +1,+3 orcish flail (weapon)
Missiles
 j - 13 exploding darts (quivered)
Armour
 g - the +2 leather armour of the Fifty Ghosts {rC++}
   (You found it on level 14 of the Dungeon)

   It greatly protects you from cold.
 r - a +1 buckler (worn)
 E - a +0 troll hide (worn)
 L - a +1 pair of gloves (worn)
 O - a +0 cloak (worn)
 Q - a +1 robe of positive energy
 U - the +1 leather armour "Osetoinn" {+Rage MR++ Dex-3 Acc+5}
   (You bought it in a shop on level 8 of the Dungeon)

   It affects your dexterity (-3).
   It affects your accuracy (+5).
   It affects your resistance to hostile enchantments.
   It lets you go berserk.
Magical devices
 d - a wand of slowing (14)
 k - a wand of polymorph (16)
 B - a wand of cold (0)
 P - a wand of paralysis (15)
 R - a wand of random effects (17)
 S - a wand of fire (0)
 T - a wand of disintegration (9)
 V - a wand of flame (13)
Comestibles
 c - 6 bread rations
 K - a meat ration
Scrolls
 a - 2 scrolls of fear
 f - 2 scrolls of random uselessness
 i - a scroll of remove curse
 s - a scroll of curse armour
 t - a scroll of amnesia {unknown}
 v - 2 scrolls of magic mapping {unknown}
 z - 2 scrolls of recharging {unknown}
 C - 3 scrolls of immolation
 F - a scroll of enchant weapon II {unknown}
 I - a scroll of enchant weapon I {unknown}
 X - a scroll of blinking {unknown}
Jewellery
 l - an uncursed amulet of conservation
 n - an amulet of warding (around neck)
 p - a ring of magical power (left hand)
 y - a ring of flight (right hand)
Potions
 e - 2 potions of berserk rage {unknown}
 m - a potion of poison
 q - 11 potions of curing
 x - a potion of mutation {unknown}
 A - a potion of restore abilities
 G - 4 potions of might
 H - a potion of brilliance {unknown}
 J - a potion of lignification
 M - 3 potions of degeneration {unknown}
 Z - a potion of agility {unknown}
Books
 b - a book of Flames

   Spells                             Type                      Level
   *Flame Tongue                      Conjuration/Fire             1
   Throw Flame                        Conjuration/Fire             2
   *Conjure Flame                     Conjuration/Fire             3
   Inner Flame                        Hexes/Fire                   3
   *Sticky Flame                      Conjuration/Fire             4
   *Fireball                          Conjuration/Fire             5
 h - a book of Battle

   Spells                             Type                      Level
   Infusion                           Charms                       1
   Shroud of Golubria                 Charms/Translocation         2
   Song of Slaying                    Charms                       2
   Spectral Weapon                    Hexes/Charms                 3
   *Regeneration                      Charms/Necromancy            3
 N - a book of the Warp

   Spells                             Type                      Level
   Recall                             Summoning/Translocation      3
   Control Teleport                   Charms/Translocation         4
   Phase Shift                        Translocation                5
   Warp Weapon                        Charms/Translocation         5
   Dispersal                          Translocation                6
   Controlled Blink                   Translocation                7
   Disjunction                        Translocation                8
Miscellaneous
 W - a lantern of shadows


   Skills:
 - Level 1.5 Dodging
 - Level 3.0 Stealth
 - Level 3.5 Shields
 + Level 8.8 Spellcasting
 * Level 12.8 Conjurations
 - Level 4.0 Charms
 - Level 4.2 Necromancy
 * Level 13.1 Fire Magic


You had 9 spell levels left.
You knew the following spells:

 Your Spells              Type           Power        Failure   Level  Hunger
a - Flame Tongue          Conj/Fire      #####        1%          1    None
b - Conjure Flame         Conj/Fire      ######..     1%          3    None
c - Sticky Flame          Conj/Fire      ######..     1%          4    ##.....
d - Fireball              Conj/Fire      ######....   1%          5    ####...
e - Iskenderun's Battles  Conj/Chrm      #####...     1%          4    ##.....
f - Regeneration          Chrm/Necr      ####......   4%          3    None


Dungeon Overview and Level Annotations

Branches:
Dungeon (15/16)            Temple (1/1) D:4             Orc (1/4) D:12
   Lair (4/8) D:11
  Swamp: Lair:3-6    Shoals: Lair:3-6     Snake: Lair:3-6    Spider: Lair:3-6
 Vaults: D:14-15

Altars:
Ashenzari
Cheibriados
Elyvilon
Fedhas
Kikubaaqudgha
Makhleb
Nemelex Xobeh
Okawaru
Sif Muna
Vehumet
Yredelemnul
Zin
the Shining One

Shops:
D:8 [*   D:13 }*

Annotations:
D:6 Blork the orc
Lair:3 Gastronok, Maud


Innate Abilities, Weirdness & Mutations

You cannot wear boots.
You can spit poison.
You can use your snake-like lower body to constrict enemies.
Your serpentine skin is tough (AC +4).
You have supernaturally acute eyesight.
Armour fits poorly on your strangely shaped body.
Your system is resistant to poisons.
You cover ground very slowly.


Message History

Unknown command.
Evoke which item? (* to show all) (? for menu, Esc to quit)
Zapping:
S - a wand of fire {zapped: 1}
Press: ? - help, Shift-Dir - straight line, f/p - komodo dragon
Aim: a komodo dragon (almost dead)
The bolt of fire hits the komodo dragon.
You kill the komodo dragon!
Vehumet accepts your kill.
You feel your power returning.
The bolt of fire hits the four-headed hydra.
The four-headed hydra is moderately wounded.
Unknown command.
Evoke which item? (* to show all) (? for menu, Esc to quit)
Zapping:
S - a wand of fire {zapped: 2}
Press: ? - help, Shift-Dir - straight line, f - four-headed hydra
Aim: a four-headed hydra (moderately wounded) Nothing appears to happen.
The four-headed hydra bites you!
* * * LOW HITPOINT WARNING * * *
The four-headed hydra bites you!
You die...

##....###...f.## ....P#
###.#####.....## .....#
#.###........######....#
#....#........#.#....#.#...
#.............#r##.r.......
##f........................
####...#...#r##.#........
##.##....D#####.##....
##.######@## .# ...
#....f.##..# .# #
#.##.......## #.
##...####### # ##.## ##


You could see a four-headed hydra and a rat (wandering).

Vanquished Creatures
  A tengu reaver (D:10)
  The ghost of lorenz the Reanimator, a powerful TrNe of Kikubaaqudgha (Lair:2)
  A deep troll earth mage (D:10)
  3 hydras
  Nergalle (Lair:4)
  2 skeletal warriors (D:13)
  A centaur warrior (D:11)
  An orc knight (D:15)
  4 hill giants
  Joseph (D:8)
  2 spiny frogs
  A black mamba (Lair:1)
  3 trolls (D:12)
  3 komodo dragons
  A slime creature (D:10)
  5 blink frogs (Lair:3)
  A shadow (D:12)
  2 wyverns
  2 basilisks
  3 wraiths
  17 yaks
  3 wandering mushrooms (Lair:2)
  A vampire mosquito (D:13)
  2 hippogriffs
  A hungry ghost (D:12)
  2 manticores (D:11)
  A necrophage (D:10)
  A mottled dragon (D:10)
  2 ice beasts
  2 orc warriors
  3 porcupines
  A sky beast (D:5)
  A trapdoor spider simulacrum (D:10)
  3 phantoms
  9 centaurs
  2 crocodiles
  6 ogres
  2 komodo dragon zombies
  13 big kobolds
  6 giant frogs
  A giant slug (Lair:2)
  A water moccasin (Lair:2)
  2 agate snails
  A cyclops skeleton (D:15)
  8 wights
  2 troll zombies (D:12)
  2 eyes of draining
  23 killer bees
  A hippogriff skeleton (D:11)
  3 jellies
  2 crimson imps
  A quasit (D:11)
  A centaur zombie (D:12)
  5 hounds
  A goliath beetle (D:12)
  5 orc wizards
  4 orc priests
  8 worker ants
  5 iguanas
  6 ogre zombies (D:12)
  An ogre skeleton (D:10)
  A worker ant zombie (D:9)
  3 giant centipedes
  5 adders
  An inept feature mimic (D:11)
  2 giant mites
  An inept item mimic (D:10)
  2 worms
  An adder skeleton (D:4)
  2 giant eyeballs
  4 giant geckos
  43 orcs
  9 bats
  A bat skeleton (D:5)
  2 giant cockroaches
  A gnoll zombie (D:7)
  4 goblins
  13 hobgoblins
  6 jackals
  10 kobolds
  6 quokkas
  3 giant newts
  2 giant spores (D:11)
  3 goblin zombies (D:12)
  4 hobgoblin skeletons
  5 hobgoblin zombies (D:12)
  A kobold skeleton (D:5)
  3 orc skeletons (D:12)
  11 orc zombies (D:12)
  3 rats
  A spectral orc (Lair:4)
  4 ballistomycetes (D:11)
  2 fungi
  2 plants (D:11)
361 creatures vanquished.

Vanquished Creatures (others)
  A bat (D:4)
  5 toadstools (D:1)
6 creatures vanquished.

Grand Total: 367 creatures vanquished

Notes
Turn   | Place    | Note
--------------------------------------------------------------
     0 | D:1      | 4tharraofdagon, the Naga Fire Elementalist, began the quest for the Orb.
     0 | D:1      | Reached XP level 1. HP: 15/15 MP: 3/3
   106 | D:3      | Reached XP level 2. HP: 14/22 MP: 1/4
   215 | D:2      | Reached XP level 3. HP: 21/28 MP: 4/6
   218 | D:2      | You fall through a shaft!
   326 | D:4      | Found a staircase to the Ecumenical Temple.
   336 | Temple   | Entered the Ecumenical Temple
   358 | Temple   | Became a worshipper of Vehumet
   462 | D:3      | Reached XP level 4. HP: 36/36 MP: 5/8
   466 | D:3      | Bloax: so far so good
   521 | D:3      | 4tharraofdagon: dont praise the dat
   521 | D:3      | 4tharraofdagon: day
   521 | D:3      | 4tharraofdagon: before the sunset!
   551 | D:4      | Learned a level 3 spell: Conjure Flame
   581 | D:4      | Found a blossoming altar of Fedhas.
   582 | D:4      | Noticed a centaur
   592 | D:4      | Bloax: speak of the fucking devil
   918 | D:4      | Paralysed by a giant eyeball for 4 turns
   988 | D:4      | Reached skill level 4 in Fire Magic
  1174 | D:5      | Entered Level 5 of the Dungeon
  1201 | D:5      | Reached XP level 5. HP: 29/42 MP: 9/9
  1207 | D:5      | Learned a level 4 spell: Sticky Flame
  1279 | D:5      | Bloax: runed dagger eh
  1279 | D:5      | Bloax: gibbe
  1293 | D:5      | Turgon: argh
  1293 | D:5      | Bloax: fak u orc
  1306 | D:5      | Bloax: y u so shit dagger
  1330 | D:5      | Noticed a sky beast
  1344 | D:5      | Turgon: Could have been worse (distortion)
  1347 | D:5      | Killed a sky beast
  1347 | D:5      | Reached skill level 1 in Shields
  1347 | D:5      | Reached XP level 6. HP: 39/49 MP: 8/11
  1358 | D:5      | Bloax: that wouldn't have been worse
  1365 | D:5      | Acquired Vehumet's first power
  1365 | D:5      | Offered knowledge of Sting by Vehumet.
  1368 | D:5      | #1
  1368 | D:5      | Bloax: distortion is amazing for getting rid of adjacent buggers
  1390 | D:5      | Turgon: But bad if you look for XP
  1442 | D:5      | Bloax: you're a speedrunning caster
  1446 | D:5      | Bloax: no time for melee
  1462 | D:5      | Bloax: unless you have no choice
  1590 | D:5      | wojtek: but then, wouldn't you prefer a staff (or something with evasion brand?)
  1638 | D:6      | Bloax: that implies finding that
  1650 | D:6      | Turgon: Staff conj :-)
  1659 | D:7      | Reached skill level 5 in Fire Magic
  1684 | D:7      | Bloax: And even then it's not as useful as getting rid of that hill giant zombie on your --IE^Chei.
  1684 | D:7      | wojtek: but staves aren't all that rare, whereas unwielding distort is risky..
  1724 | D:7      | Bloax: I've gotten the abyssal rune before d:14 through distortion unwields.
  1726 | D:6      | Noticed Blork the orc
  1726 | D:6      | Bloax: I no longer fear the unwield.
  1726 | D:6      | wojtek: :-)
  1730 | D:7      | Bloax: dang m8
  1739 | D:7      | Bloax: look at that dire flail
  1747 | D:7      | 4tharraofdagon: dire>baxe ?
  1788 | D:7      | Bloax: 13 damage, -3 accuracy, 13 delay
  1792 | D:7      | Reached XP level 7. HP: 55/55 MP: 13/14
  1803 | D:7      | Bloax: 15 / -4 / 17
  1803 | D:7      | O
  1803 | D:7      | Turgon: kobold party
  1813 | D:7      | Reached skill level 5 in Conjurations
  1817 | D:7      | Reached skill level 6 in Fire Magic
  1817 | D:7      | Reached XP level 8. HP: 49/62 MP: 17/17
  1869 | D:8      | Found Bruad's General Store.
  1892 | D:8      | Bloax: gr9 sword heh
  1898 | D:8      | Learned a level 5 spell: Fireball
  1903 | D:8      | Bloax: acquirement eh
  1903 | D:8      | Bought a potion of heal wounds for 42 gold pieces
  1903 | D:8      | Bought a scroll of identify for 28 gold pieces
  1947 | D:8      | Reached skill level 7 in Fire Magic
  1948 | D:8      | Turgon: You bought a scroll of acquirement for 720 gold. You acquired 719 gold!
  1959 | D:8      | Noticed Joseph
  1967 | D:8      | Killed Joseph
  1967 | D:8      | Offered knowledge of Searing Ray by Vehumet.
  1967 | D:8      | Reached XP level 9. HP: 37/68 MP: 5/20
  2124 | D:7      | FU
  2210 | D:8      | Found Nedentak's Antique Armour Emporium.
  2236 | D:8      | Reached skill level 5 in Spellcasting
  2246 | D:8      | Reached skill level 8 in Fire Magic
  2284 | D:8      | Bloax: mmm
  2284 | D:8      | Bloax: scimitar
  2285 | D:8      | Bloax: shiny
  2302 | D:8      | Zero: scroll of dissapointment
  2319 | D:8      | Bloax: scroll of occasional acquirement
  2335 | D:8      | Zero: yah
  2343 | D:8      | Bloax: uncursed scimitar
  2351 | D:8      | Bloax: try it out :DD
  2575 | D:9      | Bloax: No scimitar wieldin' nagas?
  2636 | D:9      | Found a glowing silver altar of Zin.
  2756 | D:9      | Offered knowledge of Static Discharge by Vehumet.
  2818 | D:10     | Entered Level 10 of the Dungeon
  2824 | D:10     | Bloax: new vehumet spell
  2898 | D:10     | Reached XP level 10. HP: 75/75 MP: 22/22
  2963 | D:10     | Bloax: by the way
  2979 | D:10     | Acquired Vehumet's second power
  2979 | D:10     | Reached skill level 9 in Fire Magic
  2980 | D:10     | Bloax: once you go back for that artifact stuff don't forget your free scimitar
  3016 | D:10     | Bloax: oh my
  3042 | D:10     | Bloax: maybe you should drop shields and go lajatango
  3233 | D:10     | Got an ancient cloak
  3234 | D:10     | wojtek: :-D
  3234 | D:10     | CLOAK OF WANNABE?
  3236 | D:10     | Identified the cursed -3 cloak of Neatofi {Stlth} (You found it on level 10 of the Dungeon)
  3236 | D:10     | Bloax: -5 cloak of the chupacabra :DDD
  3237 | D:10     | wojtek: :-(
  3289 | D:10     | ReteAZ: lotsa people here ^^
  3292 | D:10     | Bloax: Pretty funny once you think about it.
  3320 | D:10     | ReteAZ: ye man, we could be playing right now..wtf
  3329 | D:10     | Bloax: more like
  3335 | D:10     | Bloax: this is the euro server
  3335 | D:10     | Bloax: it's midnight
  3345 | D:10     | Bloax: and it's the day before christmas
  3358 | D:11     | Noticed a hill giant
  3375 | D:11     | ReteAZ: oh its midnight, didnt notice
  3395 | D:11     | Noticed a hill giant
  3417 | D:11     | Killed a hill giant
  3417 | D:11     | Offered knowledge of Iskenderun's Battlesphere by Vehumet.
  3426 | D:11     | Learned a level 4 spell: Iskenderun's Battlesphere
  3456 | D:11     | Daniel: it's always like this when 4th is playing :)
  3510 | D:10     | Mulzaro: What is that armor?
  3516 | D:10     | Bloax: Mottled hide.
  3528 | D:10     | Mulzaro: Ah
  3529 | D:10     | Noticed a tengu reaver
  3529 | D:10     | Noticed a deep troll earth mage
  3530 | D:10     | Bloax: OH FUCK
  3530 | D:10     | wojtek: wtf
  3530 | D:10     | Bloax: DEATH
  3531 | D:10     | Zero: gg
  3532 | D:10     | Bloax: FUCK
  3534 | D:10     | Bloax: AAAAA
  3540 | D:10     | ReteAZ: yo tell me, im pretty noob, only got 2 wins with pure melees, what is easiest mage to start with?
  3548 | D:10     | Bloax: uh
  3556 | D:10     | ReteAZ: some DECj or sth?
  3559 | D:10     | Noticed a hill giant
  3562 | D:10     | Bloax: Probably.
  3565 | D:10     | Mulzaro: FE or Cj
  3566 | D:10     | Daniel: or FE
  3567 | D:10     | Killed a hill giant
  3571 | D:10     | Zero: DEFe
  3582 | D:10     | Bloax: Though if you're not used to staying the fuck away from stuff.
  3592 | D:10     | Bloax: You could try something like TeCj
  3594 | D:10     | Daniel: defe of sif
  3605 | D:10     | Killed a deep troll earth mage
  3605 | D:10     | Reached skill level 10 in Fire Magic
  3606 | D:10     | Bloax: Daniel: so 2011
  3625 | D:10     | Daniel: :)
  3628 | D:10     | :(
  3628 | D:10     | Daniel: hey, but it works
  3639 | D:10     | ReteAZ: man i had a blast with DDBe, started it because of 4th
  3647 | D:10     | ReteAZ: 5th try got myself a win :)))
  3719 | D:10     | ReteAZ: i dont know if I will be able to stop tabbing haha :D
  3729 | D:10     | Killed a tengu reaver
  3729 | D:10     | Reached skill level 10 in Conjurations
  3729 | D:10     | Reached XP level 11. HP: 65/81 MP: 6/25
  3770 | D:10     | Daniel: 2011 was 0.8 right?
  3792 | D:11     | Killed a hill giant
  3801 | D:11     | Bloax: oh fuck knows
  3806 | D:11     | Bloax: I only joined in 0.10.
  3821 | D:11     | Daniel: oh
  3825 | D:11     | Bloax: which was....
  3830 | D:11     | Bloax: june 2011 i think
  3854 | D:11     | Daniel: huh
  3862 | D:11     | Daniel: it was that long ago?
  3865 | D:11     | Daniel: i joined late 0.8
  3866 | D:11     | Bloax: no it was may 2012
  3950 | D:11     | Reached skill level 11 in Fire Magic
  3951 | D:11     | Acquired Vehumet's third power
  3954 | D:11     | Bloax: I also can't wait until vine stalkers get in.
  3954 | D:11     | Bloax: I hate the offline interface.
  3956 | D:11     | Daniel: skill training was a lot harder back than
  3964 | D:11     | Daniel: vine stalkers?
  3983 | D:11     | Bloax: https://crawl.develz.org/mantis/view.php?id=7897
  4013 | D:11     | Noticed a centaur warrior
  4014 | D:11     | :O
  4016 | D:11     | Found a staircase to the Orcish Mines.
  4017 | D:11     | wojtek: have you seen the monster version of fear already?
  4024 | D:11     | the staircase to the Orcish Mines was a mimic.
  4025 | D:11     | :O
  4027 | D:11     | Daniel: wow
  4039 | D:11     | Daniel: thats so fucked
  4040 | D:11     | Offered knowledge of Bolt of Magma by Vehumet.
  4040 | D:11     | Daniel: -3 hp
  4050 | D:11     | Bloax: regen:3
  4063 | D:12     | Bloax: superior bite powers
  4063 | D:12     | Daniel: but no wands
  4065 | D:12     | Noticed a four-headed hydra
  4066 | D:12     | Daniel: and potions
  4069 | D:12     | Daniel: man thats shit
  4069 | D:12     | Bloax: innate antimagic melee attack, man
  4072 | D:12     | Daniel: :D
  4072 | D:12     | Killed a four-headed hydra
  4076 | D:12     | Bloax: also mp drain
  4079 | D:12     | Bloax: and spirit shield
  4083 | D:12     | Daniel: interesting
  4084 | D:12     | Bloax: it's either go hard
  4085 | D:12     | Bloax: or you die
  4085 | D:12     | Daniel: but -3 hp?
  4087 | D:12     | Daniel: no way
  4093 | D:12     | Bloax: earlygame is pretty fun
  4098 | D:12     | Bloax: You regen so damn fast.
  4162 | D:11     | Daniel: no experimental yet?
  4167 | D:11     | Bloax: :DDDDDD
  4171 | D:11     | Learned a level 3 spell: Regeneration
  4249 | D:12     | :O
  4262 | D:12     | :O
  4265 | D:12     | Reached skill level 1 in Charms
  4265 | D:12     | Reached skill level 1 in Necromancy
  4266 | D:12     | :(
  4311 | D:12     | Mulzaro: That vine stalker sounds way too gimmicky >_>
  4418 | D:12     | Noticed a hill giant
  4424 | D:12     | Killed a hill giant
  4424 | D:12     | Offered knowledge of Venom Bolt by Vehumet.
  4509 | D:12     | Bloax: just wait until you try it
  4539 | D:12     | Daniel: hmm
  4541 | D:12     | :)
  4541 | D:12     | Daniel: this is your creation?
  4544 | D:12     | Bloax: its tile is
  4574 | D:11     | Daniel: i see
  4613 | D:11     | Daniel: actually im interested to play it
  4641 | D:12     | Bloax: just a minute
  4641 | D:12     | Reached XP level 12. HP: 88/88 MP: 19/27
  4686 | D:12     | Found a staircase to the Orcish Mines.
  4695 | D:12     | Vidiiot: 0.9 was august 2011
  4695 | D:12     | Mulzaro: What kind of aptitudes are planned for the vine stalker?
  4757 | D:12     | Bloax: https://dl.dropboxusercontent.com/u/63152810/vinestalkers.7z
  4774 | D:12     | Bloax: pretty much human aptitudes
  4799 | D:12     | Bloax: with extra stealth
  4799 | D:12     | Mulzaro: alright
  4800 | D:12     | Daniel: thanks
  4802 | Orc:1    | Entered Level 1 of the Orcish Mines
  4898 | Orc:1    | Bloax: although weapon apts are -1
  4910 | D:12     | Bloax: except unarmed and fighting which are 0
  4987 | D:9      | Mulzaro: So, does it bite every time you attack in melee?
  4992 | D:9      | Mulzaro: with any weapon?
  4998 | D:9      | Bloax: yes
  5021 | D:9      | Bloax: its bite is also pretty damn strong
  5032 | D:9      | Vidiiot: I wanna play as it :(
  5032 | D:9      | Daniel: 5k turns elves here i come
  5047 | D:8      | Bloax: Vidiiot: https://dl.dropboxusercontent.com/u/63152810/vinestalkers.7z
  5055 | D:8      | Bought a heavily jewelled robe for 131 gold pieces
  5055 | D:8      | Bought a smoking leather armour for 161 gold pieces
  5055 | D:8      | Vidiiot: Thanks pal
  5056 | D:8      | Bloax: it's an entire crawl source but there's crawl.exe
  5056 | D:8      | Bloax: so make sure to run that
  5064 | D:8      | Identified the +1 leather armour "Osetoinn" {+Rage MR++ Dex-3 Acc+5} (You bought it in a shop on level 8 of the Dungeon)
  5070 | D:8      | Identified the cursed -1 robe of Inevitability {Int+3} (You bought it in a shop on level 8 of the Dungeon)
  5076 | D:8      | Vidiiot: If I win as it, do I get a prize?
  5096 | D:10     | Bloax: you get praise if you report your adventures
  5120 | D:11     | Bloax: because they're kinda in need of testing
  5134 | D:12     | hurdos: Good evening to everyone!
  5137 | D:12     | Bloax: just post here or something: https://crawl.develz.org/mantis/view.php?id=7897
  5220 | D:12     | Daniel: hey hurdos
  5238 | D:13     | Vidiiot: I'll probably post on /rlg/ if anything :p
  5260 | D:13     | Bloax: might work too
  5314 | D:13     | Vidiiot: Its tiles, right?
  5320 | D:13     | Found Grahaguv's Assorted Antiques.
  5325 | D:13     | Bloax: yes
  5325 | D:13     | Vidiiot: Also is there a way to get the chat to scroll down again
  5325 | D:13     | Vidiiot: It keeps not doing it
  5328 | D:13     | Bloax: weird
  5379 | D:13     | Bought a scroll labeled TEOLLE SEOPAMA for 28 gold pieces
  5379 | D:13     | Bought a cyan potion for 25 gold pieces
  5379 | D:13     | Bought a scroll labeled FRIOTOIPSUCK for 28 gold pieces
  5399 | D:13     | Found Plang's Gadget Shop.
  5409 | D:13     | Bloax: almost got sigmund on d:2
  5411 | D:13     | Bloax: at xl1
  5413 | D:13     | Mulzaro: Bloax, were there plans to improve the offline interface in 0.14?
  5413 | D:13     | Bloax: ho ho ho
  5421 | D:13     | Bloax: I have no idea.
  5446 | D:13     | Noticed a six-headed hydra
  5453 | D:13     | Killed a six-headed hydra
  5460 | D:13     | Mulzaro: The monster overview in it is horrible.
  5464 | D:13     | Bloax: and honestly i'd love a funny little flag that made it have a webtiles interface
  5488 | D:13     | Bloax: except without a chat
  5513 | D:12     | Mulzaro: Also, I like the centered inventory in webtiles
  5517 | D:12     | Mulzaro: makes your eyes not hurt
  5518 | D:12     | Mulzaro: :D
  5527 | D:12     | Bloax: webtiles is generally great
  5548 | D:12     | Bloax: except that whole "non-clientside game" part
  5564 | D:13     | Mulzaro: Yeah, but I like to play without latency.
  5573 | D:13     | Bloax: it's pretty awful that you, the guy playing - are still subject to lag.
  5593 | D:14     | Bloax: and christ that sentence is strange
  5629 | D:15     | Entered Level 15 of the Dungeon
  5646 | D:15     | Reached skill level 12 in Fire Magic
  5703 | D:14     | Got an ancient leather armour
  5711 | D:14     | Identified the cursed +2 leather armour of the Fifty Ghosts {rC++} (You found it on level 14 of the Dungeon)
  5837 | D:12     | Noticed a skeletal warrior
  5837 | D:12     | Noticed a skeletal warrior
  5837 | D:12     | Noticed a skeletal warrior
  5837 | D:12     | Noticed a skeletal warrior
  5837 | D:12     | Noticed a skeletal warrior
  5838 | D:12     | :D
  5844 | D:13     | Killed a skeletal warrior
  5845 | D:13     | Killed a skeletal warrior
  5991 | D:11     | Paralysed by a giant eyeball for 2 turns
  6003 | D:11     | Killed a centaur warrior
  6028 | D:11     | Found a staircase to the Lair.
  6054 | Lair:1   | Entered Level 1 of the Lair of Beasts
  6121 | Lair:1   | Offered knowledge of Ignite Poison by Vehumet.
  6246 | Lair:2   | Noticed lorenz's ghost (powerful TrNe)
  6259 | Lair:2   | Killed lorenz's ghost
  6483 | Lair:3   | Noticed a four-headed hydra
  6488 | Lair:3   | Killed a four-headed hydra
  6488 | Lair:3   | Reached XP level 13. HP: 94/94 MP: 9/29
  6529 | Lair:3   | Vidiiot: Bloac
  6534 | Lair:3   | Vidiiot: I cant unzip it :|
  6547 | Lair:3   | Bloax: hm
  6579 | Lair:3   | Reached skill level 13 in Fire Magic
  6580 | Lair:3   | Vidiiot: "Unsupported compression method"
  6581 | Lair:3   | Bloax: http://sourceforge.net/projects/sevenzip/files/latest/download?source=files
  6581 | Lair:3   | Vidiiot: I've tried twice
  6582 | Lair:3   | Noticed Gastronok
  6583 | Lair:3   | Bloax: are you using this
  6586 | Lair:3   | Noticed Maud
  6589 | Lair:3   | OMFG
  6589 | Lair:3   | Vidiiot: Im using 7zip yes
  6589 | Lair:3   | Vidiiot: But its an older version
  6589 | Lair:3   | Bloax: well go update :p
  6589 | Lair:3   | Daniel: no probelm here Vidiiot
  6589 | Lair:3   | Vidiiot: ugh :|
  6589 | Lair:3   | Daniel: dloaded the same version as you
  6589 | Lair:3   | Vidiiot: Fine :(
  6589 | Lair:3   | Bloax: No teleport?
  6589 | Lair:3   | Bloax: well uh uhm
  6589 | Lair:3   | Bloax: fck
  6589 | Lair:3   | 4tharraofdagon: chance for blink
  6589 | Lair:3   | 4tharraofdagon: or fear
  6589 | Lair:3   | Bloax: guess it's scroll reading time
  6590 | Lair:3   | Bloax: that did the trick
  6594 | Lair:4   | Noticed Nergalle
  6607 | Lair:4   | WTF
  6620 | Lair:4   | Killed Nergalle
  6726 | Lair:4   | Slain by a four-headed hydra

Action                   |  1- 3 |  4- 6 |  7- 9 | 10-12 | 13-15 || total
-------------------------+-------+-------+-------+-------+-------++-------
Melee: Unarmed           |     1 |    13 |       |     6 |       ||    20
       Flail             |       |       |    54 |   130 |    16 ||   200
 Fire: Blowgun           |       |     4 |       |     6 |       ||    10
 Cast: Flame Tongue      |    29 |    78 |    39 |   169 |     3 ||   318
       Conjure Flame     |       |     2 |    12 |    86 |     5 ||   105
       Sticky Flame      |       |     2 |    20 |    46 |     5 ||    73
       Fireball          |       |       |     1 |    55 |     9 ||    65
       Iskenderun's Batt |       |       |       |     2 |       ||     2
       Regeneration      |       |       |       |     3 |     1 ||     4
 Abil: Spit Poison       |    21 |    27 |    23 |    42 |     3 ||   116
Evoke: Wand              |       |     2 |     9 |     3 |     3 ||    17
  Use: Scroll            |       |     8 |     1 |    11 |     1 ||    21
       Potion            |       |       |     3 |     1 |     5 ||     9
